 Dungeon Crawl Stone Soup version 0.17-a0-2122-g03d97ec (webtiles) character file.

2041 Duffy the Carver (level 9, -11/66 HPs)
             Began as a Formicid Berserker on Oct 21, 2015.
             Was an Elder of Trog.
             Mangled by an orc warrior
             ... wielding a +0 battleaxe
              (15 damage)
             ... on level 6 of the Dungeon.
             The game lasted 00:07:52 (8546 turns).

Duffy the Carver (Formicid Berserker)               Turns: 8546, Time: 00:07:52

Health: -11/66     AC: 16    Str: 23    XL:     9   Next: 48%
Magic:  9/9        EV:  7    Int:  6    God:    Trog [****..]
Gold:   190        SH:  0    Dex: 13    Spells: 0 memorised, 8 levels left

rFire  . . .     SeeInvis +     a - +0 falchion
rCold  . . .     Clarity  .     g - +0 plate armour
rNeg   . . .     SustAt   .     (no shield)
rPois  +         Gourm    .     (helmet unavailable)
rElec  .         Spirit   .     (no cloak)
rCorr  .         Warding  .     D - +1 pair of gloves
rMut   .         Stasis   +     (no boots)
MR     .....                    (no amulet)
Stlth  ..........               (no ring)
                                C - ring of poison resistance

@: not resistant to hostile enchantments, extremely unstealthy
A: permanent stasis, dig shafts and tunnels, four strong arms, antennae 3
a: Dig, Shaft Self, Trog's Hand, Brothers in Arms, Burn Spellbooks, Renounce
Religion


You were on level 6 of the Dungeon.
You worshipped Trog.
Trog was greatly pleased with you.
You were not hungry.

You visited 1 branch of the dungeon, and saw 6 of its levels.

You collected 190 gold pieces.


Innate Abilities, Weirdness & Mutations

You are under a permanent stasis effect.
You can dig through walls and to a lower floor.
Your four strong arms can wield two-handed weapons with a shield.
You have a pair of large antennae on your head (SInv).


   Skills:
 + Level 4.4 Fighting
 + Level 9.1 Long Blades
 - Level 8.8 Armour
 - Level 1.7 Dodging


You had 8 spell levels left.
You didn't know any spells.

Inventory:

Hand Weapons
 a - a +0 falchion (weapon)
Missiles
 b - 223 stones (quivered)
 e - 168 arrows
 i - 6 sling bullets of frost
 t - 33 poisoned needles
 w - 13 javelins
 x - 12 bolts
 y - 2 tomahawks
Armour
 g - a +0 plate armour (worn)
 h - a fire dragon hide
 z - a +0 chain mail of magic resistance
 D - a +1 pair of gloves (worn)
Jewellery
 C - a ring of poison resistance (left hand)
Wands
 m - a wand of confusion (15)
 E - a wand of slowing (18)
Scrolls
 d - 2 scrolls of fog {unknown}
 f - a scroll of identify
 j - a scroll of remove curse {unknown}
 n - a scroll of magic mapping {unknown}
 o - a scroll of enchant weapon {unknown}
 q - 4 scrolls of immolation {unknown}
Potions
 r - a potion of curing
 s - 2 potions of agility
 v - a potion of brilliance
 A - a potion of resistance
 B - a potion of lignification
 F - a potion of magic {unknown}
Books
 G - a book of Ice
Comestibles
 c - 7 bread rations
 l - a royal jelly
 p - 3 meat rations
 u - 2 slices of pizza

Dungeon Overview and Level Annotations

Branches:
Dungeon (6/15)             Temple (0/1) D:4

Altars:
Sif Muna


Message History

The orc warrior is severely wounded.
The orc warrior closely misses you.
You hit the orc warrior but do no damage.
The orc warrior is severely wounded.
Your plate armour prevents you from hitting the orc warrior.
The orc warrior is severely wounded.
The orc warrior hits you with a battleaxe.
You barely miss the orc warrior.
The orc warrior is severely wounded.
The orc warrior hits you with a battleaxe!
You hit the orc warrior.
The orc warrior is severely wounded.
The orc warrior closely misses you.
You closely miss the orc warrior.
The orc warrior is severely wounded.
Your plate armour prevents you from hitting the orc warrior.
The orc warrior is severely wounded.
The orc warrior hits you but does no damage.
You hit the orc warrior but do no damage.
The orc warrior is severely wounded.
The orc warrior hits you with a battleaxe!
You closely miss the orc warrior.
The orc warrior is severely wounded.
You closely miss the orc warrior.
The orc warrior is severely wounded.
The orc warrior hits you with a battleaxe!
You hit the orc warrior but do no damage.
The orc warrior is severely wounded.
You hit the orc warrior but do no damage.
The orc warrior is severely wounded.
The orc warrior hits you but does no damage.
Your plate armour prevents you from hitting the orc warrior.
The orc warrior is severely wounded.
The orc warrior hits you with a battleaxe!
You die...

.# #.# ##..# #.# ....# #.#
#......# #.# ###.#.##.# #.#
....>.#.# #.#
#######.#..#.#####.#######.###
................@o............
######.#..#.#####.##....#.###
#.#..#.#####.##....#
#.###................. #####
#.# #..#####.##....#.# ....#
#.# #..# #.#######.#
###.#.#.###>.. ... .
#.#.#...#..## #... .
#.#.###.#..# #.#..


You could see an orc warrior.

Action                   |  1- 3 |  4- 6 |  7- 9 || total
-------------------------+-------+-------+-------++-------
Melee: Falchion          |    86 |   267 |   430 ||   783
 Abil: Dig               |       |     2 |     4 ||     6
  Use: Scroll            |       |       |     6 ||     6
  Eat: Chunk             |       |    11 |     6 ||    17
       Bread ration      |       |       |     2 ||     2

Notes
Turn   | Place    | Note
--------------------------------------------------------------
     0 | D:1      | Duffy the Formicid Berserker began the quest for the Orb.
     0 | D:1      | Reached XP level 1. HP: 18/18 MP: 1/1
   386 | D:1      | Reached XP level 2. HP: 21/24 MP: 2/2
   895 | D:1      | Reached XP level 3. HP: 26/29 MP: 3/3
  1173 | D:1      | Reached skill level 4 in Long Blades
  1401 | D:2      | Noticed Jessica
  1422 | D:2      | Killed Jessica
  1422 | D:2      | Reached XP level 4. HP: 22/35 MP: 4/4
  1565 | D:2      | Reached skill level 3 in Armour
  2131 | D:2      | Reached ** piety under Trog
  2780 | D:3      | Noticed a centaur
  2791 | D:3      | Killed a centaur
  2791 | D:3      | Reached skill level 5 in Long Blades
  2791 | D:3      | Reached skill level 4 in Armour
  2791 | D:3      | Reached XP level 5. HP: 32/41 MP: 5/5
  2874 | D:3      | Reached XP level 6. HP: 29/47 MP: 6/6
  3564 | D:3      | Reached *** piety under Trog
  4113 | D:4      | Reached skill level 5 in Armour
  4362 | D:4      | Reached XP level 7. HP: 52/52 MP: 7/7
  4460 | D:4      | Noticed Robin
  4476 | D:4      | Killed Robin
  4627 | D:4      | Found a staircase to the Ecumenical Temple.
  4636 | D:4      | Noticed a slave
  4637 | D:4      | Noticed Pikel
  4637 | D:4      | Noticed a slave
  4639 | D:4      | Noticed a slave
  4639 | D:4      | Noticed a slave
  4699 | D:3      | Killed Pikel
  4699 | D:3      | Reached skill level 7 in Long Blades
  4699 | D:3      | Reached skill level 6 in Armour
  4699 | D:3      | Reached XP level 8. HP: 20/58 MP: 8/8
  4884 | D:3      | Reached skill level 7 in Armour
  5133 | D:4      | Noticed Edmund
  5165 | D:4      | Killed Edmund
  5633 | D:4      | Killed a freed slave
  5989 | D:5      | Entered Level 5 of the Dungeon
  6037 | D:5      | Noticed Sigmund
  6051 | D:5      | Killed Sigmund
  6051 | D:5      | Reached skill level 8 in Long Blades
  6051 | D:5      | Reached skill level 8 in Armour
  6555 | D:5      | Noticed Blork the orc
  6572 | D:5      | Reached XP level 9. HP: 56/64 MP: 9/9
  6583 | D:5      | Killed Blork the orc
  7103 | D:5      | Noticed Menkaure
  7115 | D:5      | Killed Menkaure
  7458 | D:5      | Reached **** piety under Trog
  7658 | D:5      | Found a deep blue altar of Sif Muna.
  7977 | D:6      | Reached skill level 4 in Fighting
  8290 | D:6      | Reached skill level 9 in Long Blades
  8403 | D:6      | Noticed 4thArraOfDagon's ghost (weakling FoFi)
  8410 | D:6      | Killed 4thArraOfDagon's ghost
  8546 | D:6      | Mangled by an orc warrior

Vault maps used:
D:1:      lemuel_arrival_behind_the_door_small
D:2:      uniq_jessica
D:4:      minmay_temple_entry_grid, first_bread, wad_floor_pattern_1,
          kennysheep_generic_room_9, uniq_robin, uniq_edmund, uniq_pikel
D:5:      lemuel_blue_sif_altar, uniq_menkaure, uniq_sigmund, uniq_blork_the_orc

Vanquished Creatures
  Pikel Sigmund Menkaure Edmund
  An ogre
  A slave
  2 centaurs Blork the orc
  3 giant frogs
  A scorpion
  A gnoll shaman
  A centaur zombie
  An orc priest
  3 giant frog skeletons
  A hound
  A centaur skeleton Jessica
  An iguana
  6 worker ants
  The ghost of 4thArraOfDagon the Shield-Bearer, a weakling FoFi
  A hound skeleton
  A worker ant zombie Robin
  5 gnolls
  6 adders
  An adder zombie
  A worm
  4 giant geckos
  12 orcs
  2 ball pythons
  2 giant cockroaches
  9 hobgoblins
  21 jackals
  2 quokkas
  A ball python skeleton
  9 bats
  9 giant newts
  19 goblins
  A jackal skeleton
  6 kobolds
  9 rats
152 creatures vanquished.
